 Dungeon Crawl Stone Soup version 0.23.0 (webtiles) character file.

Game seed: 4960599744761389358

70 tidbits the Charmwright (level 4, -6/38 HPs)
             Began as a Gnoll Skald on Feb 11, 2019.
             Mangled by Pikel
             ... wielding a +2 whip of flaming
              (11 damage)
             ... on level 4 of the Dungeon.
             The game lasted 00:04:38 (507 turns).

tidbits the Charmwright (Gnoll Skald)                Turns: 507, Time: 00:04:38

Health: -6/38      AC:  3    Str: 15    XL:     4   Next: 22%
Magic:  4/9        EV: 14    Int: 16    God:
Gold:   93         SH:  0    Dex: 15    Spells: 2/13 levels left

rFire    . . .     SeeInvis .   a - +0 spear
rCold    . . .     Gourm    .   (no shield)
rNeg     . . .     Faith    .   b - +0 leather armour
rPois    .         Spirit   .   (no helmet)
rElec    .         Reflect  .   (no cloak)
rCorr    .         Harm     .   (no gloves)
MR       .....                  (no boots)
Stlth    ++........             l - amulet of rage
HPRegen  0.12/turn              (no ring)
MPRegen  0.11/turn              (no ring)

@: shrouded
A: distributed training, fangs 1, blink, low mp 1, strong 1, strong nose
a: Blink, Evoke Berserk Rage


You were on level 4 of the Dungeon.
You were not hungry.

You visited 1 branch of the dungeon, and saw 4 of its levels.

You collected 93 gold pieces.

Inventory:

Hand Weapons
 a - a +0 spear (weapon)
 h - a +0 flail
Missiles
 e - 18 stones (quivered)
 i - a tomahawk
 m - 14 sling bullets
Armour
 b - a +0 leather armour (worn)
 c - a +0 shield
Jewellery
 l - an amulet of rage (around neck)
   (You found it on level 3 of the Dungeon)
Scrolls
 f - 2 scrolls of identify {unknown}
 j - a scroll of enchant weapon {unknown}
 k - a scroll of enchant armour {unknown}
Comestibles
 d - 4 rations


   Skills:
 + Level 4.6 Fighting
 + Level 1.0 Short Blades
 + Level 1.0 Long Blades
 + Level 1.0 Axes
 + Level 1.0 Maces & Flails
 + Level 4.6 Polearms
 + Level 1.0 Staves
 + Level 1.0 Slings
 + Level 1.0 Bows
 + Level 1.0 Crossbows
 + Level 1.0 Throwing
 + Level 2.7 Armour
 + Level 4.6 Dodging
 + Level 1.0 Stealth
 + Level 1.0 Shields
 + Level 1.0 Unarmed Combat
 + Level 5.0 Spellcasting
 + Level 0.8 Conjurations
 + Level 0.8 Hexes
 + Level 5.4 Charms
 + Level 0.8 Summonings
 + Level 0.8 Necromancy
 + Level 0.8 Translocations
 + Level 0.8 Transmutations
 + Level 0.8 Fire Magic
 + Level 0.8 Ice Magic
 + Level 0.8 Air Magic
 + Level 0.8 Earth Magic
 + Level 0.8 Poison Magic
 + Level 1.1 Invocations
 + Level 1.0 Evocations


You had 2 spell levels left.
You knew the following spells:

 Your Spells              Type           Power        Failure   Level  Hunger
g - Shroud of Golubria    Chrm/Tloc      ##........   8%          2    #......
i - Infusion              Chrm           ###.         1%          1    None
r - Regeneration          Chrm/Necr      ##........   16%         3    ###....
w - Spectral Weapon       Hex/Chrm       ##......     16%         3    ###....
y - Song of Slaying       Chrm           ###.....     3%          2    #......

Your spell library contained the following spells:

 Spells                   Type           Power        Failure   Level  Hunger


Dungeon Overview and Level Annotations

Branches:
Dungeon (4/15)
 Temple: D:4-7

Altars:

Annotations:
D:4 Pikel


Innate Abilities, Weirdness & Mutations

Your experience applies equally to all skills.
You have very sharp teeth.
Your uncanny sense of smell can sniff out nearby items.
You can translocate small distances at will.
Your magical capacity is low. (-10% MP)
Your muscles are strong. (Str +2)


Message History

You closely miss the kobold.
Your skin stops crawling.
Your spectral weapon hits the kobold but does no damage.
The kobold misses you.
You hit the kobold.
You kill the kobold!
You swap places.
Found a dented steel amulet.
You see here a dented steel amulet.
l - a dented steel amulet Put on which piece of jewellery? (? for menu, Esc to quit)
l - an amulet of rage (around neck)
Your spectral weapon fades away.
Unknown command.
There is a stone staircase leading down here.
You climb downwards.
Found 14 sling bullets and a ration.
There is a stone staircase leading up here.
Unknown command.
You see here a ration.
d - 4 rations (gained 1)
You see here 14 sling bullets.
m - 14 sling bullets Unknown command.
You open the door. 3 slaves and Pikel come into view.
Pikel is wielding a +2 whip of flaming.
Pikel shouts!
The slave shouts!
Found 17 gold pieces.
Unknown command.
Casting: Spectral Weapon (safe; 16% risk of failure)
Confirm with . or Enter, or press ? or * to list all spells.
You draw out your weapon's spirit!
The slave shouts!
A slave comes into view.
You swap places.
Unknown command.
Casting: Spectral Weapon (safe; 16% risk of failure)
Confirm with . or Enter, or press ? or * to list all spells.
Space distorts slightly along a thin shroud covering your body.
You hit Pikel but do no damage.
Your spectral weapon hits Pikel but does no damage.
Pikel barely misses you.
It was a potion of mutation.
You feel extremely strange.
You feel jittery.
You feel less energetic.
You feel stronger.
Your shroud bends Pikel's attack away.
You barely miss Pikel.
Your spectral weapon barely misses Pikel.
Pikel hits you with a +2 whip of flaming!
Pikel burns you.
You closely miss Pikel.
Your spectral weapon hits Pikel but does no damage.
You barely miss Pikel.
Your spectral weapon hits Pikel from afar.
Your shroud bends Pikel's attack away.
You barely miss Pikel.
Pikel is lightly wounded.
Your spectral weapon hits Pikel but does no damage.
Pikel barely misses you.
You hit Pikel. You bite Pikel, but do no damage.
Pikel is lightly wounded.
Your spectral weapon barely misses Pikel.
Pikel hits you with a +2 whip of flaming.
Pikel burns you.
You hit Pikel.
Pikel is lightly wounded.
Your spectral weapon hits Pikel but does no damage.
Your shroud bends Pikel's attack away.
You barely miss Pikel. You bite Pikel.
Pikel is lightly wounded.
Your spectral weapon hits Pikel but does no damage.
Your shroud bends Pikel's attack away.
You barely miss Pikel.
Pikel is lightly wounded.
Your spectral weapon hits Pikel from afar.
You hit Pikel but do no damage. Your bite misses Pikel.
Pikel is moderately wounded.
Your spectral weapon hits Pikel from afar.
Pikel closely misses you.
You hit Pikel but do no damage.
Pikel is moderately wounded.
Your spectral weapon hits Pikel from afar.
Pikel hits you with a +2 whip of flaming!
* * * LOW HITPOINT WARNING * * *
Pikel burns you.
* * * LOW HITPOINT WARNING * * *
You hit Pikel.
Pikel is heavily wounded.
Your spectral weapon hits Pikel from afar.
Pikel hits you with a +2 whip of flaming.
* * * LOW HITPOINT WARNING * * *
Pikel burns you.
* * * LOW HITPOINT WARNING * * *
You aren't carrying any potions.
Unknown command.
You closely miss Pikel.
Pikel is severely wounded.
Your spectral weapon hits Pikel from afar.
Pikel hits you with a +2 whip of flaming!
You die...

.. ##. #.. ... +# #.#
... #.### .... #.#.##
.....
######....####p.....
........<..(@Kpp.....
#######....####p.....
#....## ...$. #.###.#
.... #. #.# ... # #.#
+# .## .


You could see Pikel, 4 slaves and a friendly spectral +0 spear.

Vanquished Creatures
  3 gnolls
  An adder (D:3)
  A worm (D:3)
  3 orcs (D:3)
  2 giant cockroaches
  3 goblins (D:3)
  3 hobgoblins
  4 jackals (D:2)
  A kobold (D:3)
  2 bats (D:2)
  2 frilled lizards
  3 rats
28 creatures vanquished.

Notes
Turn   | Place    | Note
-------+----------+-------------------------------------------
     0 | D:1      | tidbits the Gnoll Skald began the quest for the Orb.
     0 | D:1      | Reached XP level 1. HP: 20/20 MP: 6/6
    17 | D:1      | Reached XP level 2. HP: 25/26 MP: 3/7
    23 | D:1      | Learned a level 2 spell: Song of Slaying
    26 | D:1      | Learned a level 2 spell: Shroud of Golubria
   168 | D:2      | Reached XP level 3. HP: 24/31 MP: 0/9
   173 | D:2      | Learned a level 3 spell: Regeneration
   179 | D:2      | Learned a level 3 spell: Spectral Weapon
   210 | D:3      | Reached skill level 5 in Spellcasting
   231 | D:3      | Reached skill level 1 in Invocations
   316 | D:3      | HP: 5/31 [adder (3)]
   318 | D:3      | Reached skill level 1 in Short Blades
   318 | D:3      | Reached skill level 1 in Long Blades
   318 | D:3      | Reached skill level 1 in Axes
   318 | D:3      | Reached skill level 1 in Maces & Flails
   318 | D:3      | Reached skill level 1 in Staves
   318 | D:3      | Reached skill level 1 in Slings
   318 | D:3      | Reached skill level 1 in Bows
   318 | D:3      | Reached skill level 1 in Crossbows
   318 | D:3      | Reached skill level 1 in Throwing
   318 | D:3      | Reached skill level 1 in Stealth
   318 | D:3      | Reached skill level 1 in Shields
   318 | D:3      | Reached skill level 1 in Unarmed Combat
   318 | D:3      | Reached skill level 1 in Evocations
   318 | D:3      | Reached XP level 4. HP: 18/38 MP: 1/11
   488 | D:4      | Noticed Pikel
   488 | D:4      | Noticed a slave
   488 | D:4      | Noticed a slave
   488 | D:4      | Noticed a slave
   490 | D:4      | Noticed a slave
   495 | D:4      | Gained mutation: You can translocate small distances at
                  | will. [potion of mutation]
   495 | D:4      | Gained mutation: Your magical capacity is low. (-10% MP)
                  | [potion of mutation]
   495 | D:4      | Gained mutation: Your muscles are strong. (Str +2) [potion
                  | of mutation]
   506 | D:4      | HP: 7/38 [Pikel/+2 whip of flaming (6)]
   507 | D:4      | Mangled by Pikel

Skill      XL: |  1  2  3 |
---------------+----------+-----
Spellcasting   | 5 |  5.0
Invocations    | 1 |  1.1
Short Blades   | 1 |  1.0
Long Blades    | 1 |  1.0
Axes           | 1 |  1.0
Maces & Flails | 1 |  1.0
Staves         | 1 |  1.0
Slings         | 1 |  1.0
Bows           | 1 |  1.0
Crossbows      | 1 |  1.0
Throwing       | 1 |  1.0
Stealth        | 1 |  1.0
Shields        | 1 |  1.0
Unarmed Combat | 1 |  1.0
Evocations     | 1 |  1.0
Fighting       | |  4.6
Polearms       | |  4.6
Armour         | |  2.7
Dodging        | |  4.6
Conjurations   | |  0.8
Hexes          | |  0.8
Charms         | |  5.4
Summonings     | |  0.8
Necromancy     | |  0.8
Translocations | |  0.8
Transmutations | |  0.8
Fire Magic     | |  0.8
Ice Magic      | |  0.8
Air Magic      | |  0.8
Earth Magic    | |  0.8
Poison Magic   | |  0.8

Action                   |  1- 3 |  4- 6 || total
-------------------------+-------+-------++-------
Melee: Spear             |    74 |    35 ||   109
       Bite              |     3 |     2 ||     5
 Cast: Infusion          |     4 |       ||     4
       Song of Slaying   |     1 |     1 ||     2
       Spectral Weapon   |     3 |     4 ||     7
       Regeneration      |       |     1 ||     1
       Shroud of Golubri |       |     1 ||     1
  Use: Scroll            |     2 |       ||     2
       Potion            |     2 |     1 ||     3
 Stab: Sleeping          |     1 |       ||     1
Armor: Leather armour    |    19 |     1 ||    20
Dodge: Dodged            |    49 |    24 ||    73

Table legend:
 A = Turns spent in this place as a percentage of turns spent in the entire game.
 B = Non-inter-level travel turns spent in this place as a percentage of non-inter-level travel turns spent in the entire game.
 C = Inter-level travel turns spent in this place as a percentage of turns spent in this place.
 D = Turns resting spent in this place as a percentage of non-inter-level travel turns spent in this place.
 E = Turns spent auto-exploring this place as a percentage of non-inter-level travel turns spent in this place.
 F = Non-inter-level travel turns spent in this place divided by the number of levels of this place that you've seen.
                   A       B       C       D       E      F
               +-------+-------+-------+-------+-------+----------------------
         Total | 100.0 | 100.0 |   0.0 |   0.0 |   0.0 | 126.8
       Dungeon | 100.0 | 100.0 |   0.0 |   0.0 |   0.0 | 126.8
               +-------+-------+-------+-------+-------+----------------------

Table legend:
 A = Kills in this place as a percentage of kills in entire the game.
 B = Kills by you in this place as a percentage of kills by you in the entire game.
 C = Kills by friends in this place as a percentage of kills by friends in the entire game.
 D = Other kills in this place as a percentage of other kills in the entire game.
 E = Experience gained in this place as a percentage of experience gained in the entire game.
 F = Experience gained in this place divided by the number of levels of this place that you have seen.
                   A       B       C       D       E      F
               +-------+-------+-------+-------+-------+----------------------
         Total | 100.0 | 100.0 |   N/A |   N/A | 100.0 |  25.2
       Dungeon | 100.0 | 100.0 |   N/A |   N/A | 100.0 |  25.2
               +-------+-------+-------+-------+-------+----------------------

Levels and vault maps discovered:
D:1:      dpeg_arrival_erosion, layout_basic, minmay_distorted
D:2:      layout_rooms
D:3:      layout_rooms, guppyfry_early_orc_mine
D:4:      layout_loops_corners, gammafunk_ghost_stat_death,
          nicolae_dithmenos_the_darkroom, uniq_blork_the_orc, uniq_duvessa,
          uniq_pikel
